 Dungeon Crawl Stone Soup version 0.31.0-4-g52a2dc7128 (console) character file.

Game seed: 13750479582518567149

4536 AlterAsc the Severer (level 10, 0/84 HPs)
             Began as a Hill Orc Fighter on Jan 23, 2024.
             Was a Priest of Qazlal.
             Slain by a troll (2 damage)
             ... on level 9 of the Dungeon.
             The game lasted 00:20:56 (8717 turns).

AlterAsc the Severer (Hill Orc Fighter)             Turns: 8717, Time: 00:20:57

Health: 0/84       AC: 12    Str: 24    XL:     10   Next: 40%
Magic:  14/14      EV:  6    Int:  8    God:    Qazlal [***...]
Gold:   425        SH: 13    Dex: 10    Spells: 9/9 levels left

rFire   . . .        a - +0 war axe
rCold   . . .        c - +0 buckler
rNeg    . . .        F - +0 plate armour
rPois   .            A - +0 helmet
rElec   .            u - +0 cloak
rCorr   .            t - +0 pair of gloves
SInv    .            (no boots)
Will    .....        K - amulet of reflection Stlth
                     (no ring)
HPRegen 0.34/turn    (no ring)
MPRegen 0.14/turn

%: reflection
@: corroded
A: no striking features
a: Renounce Religion, Upheaval, Elemental Force


You were on level 9 of the Dungeon.
You worshipped Qazlal.
Qazlal was most pleased with you.
You visited 2 branches of the dungeon, and saw 10 of its levels.

You collected 425 gold pieces.

Inventory:

Hand Weapons
 a - a +0 war axe (weapon)
 y - a +2 dagger of electrocution
 H - a +2 halberd of venom
Missiles
 j - 16 poisoned darts (quivered)
 l - 41 stones
 D - 5 javelins
 J - a curare-tipped dart
Armour
 b - a +0 scale mail
 c - a +0 buckler (worn)
 p - a +0 chain mail
 t - a +0 pair of gloves (worn)
 u - a +0 cloak (worn)
 A - a +0 helmet (worn)
 F - a +0 plate armour (worn)
Jewellery
 E - a ring of fire
 K - an amulet of reflection (around neck)
Wands
 h - a wand of flame (5)
 B - a wand of mindburst (23)
 I - a wand of charming (5)
Scrolls
 e - 2 scrolls of revelation
 g - 3 scrolls of enchant weapon
 i - a scroll of fog
 k - a scroll of vulnerability
 m - a scroll of blinking
 q - 4 scrolls of teleportation
 r - a scroll of noise
 v - a scroll of torment
 w - a scroll of amnesia
 z - a scroll of fear
 C - a scroll of enchant armour
 L - a scroll of poison {unknown}
Potions
 d - 3 potions of berserk rage {unknown}
 f - 2 potions of heal wounds {unknown}
 n - 4 potions of curing
 o - a potion of ambrosia {unknown}
 s - 2 potions of degeneration {unknown}
 x - a potion of lignification {unknown}
 G - a potion of enlightenment {unknown}


   Skills:
 + Level 6.8 Fighting
 - Level 16.0 Axes
 + Level 6.1 Armour
 - Level 3.2 Shields
 + Level 6.0 Invocations


You had 9 spell levels left.
You didn't know any spells.
Your spell library contained the following spells:

 Spells                   Type           Power      Damage    Failure   Level
 Apportation              Tloc           0%         N/A       100%        1
 Necrotise                Necr           0%         1d4       100%        1
 Sting                    Conj/Alch      0%         1d3       100%        1
 Summon Small Mammal      Summ           0%         N/A       100%        1
 Jinxbite                 Hex            0%         N/A       100%        2
 Stone Arrow              Conj/Erth      0%         3d7       100%        3
 Volatile Blastmotes      Fire/Tloc      0%         2d10      100%        3
 Animate Armour           Summ/Erth      0%         N/A       100%        4
 Fulminant Prism          Conj/Alch      0%         3d5       100%        4
 Iskenderun's Mystic Bla  Conj/Tloc      0%         2d3       100%        4
 Yara's Violent Unravell  Hex/Alch       0%         3d3       100%        5
 Enfeeble                 Hex            0%         N/A       100%        7
 Lehudib's Crystal Spear  Conj/Erth      0%         10d2      100%        8


Dungeon Overview and Level Annotations

Branches:
Dungeon (9/15)             Temple (0/1) D:7            Lair (1/5) D:8
    Orc: D:9-12

Altars:
Gozag
Kikubaaqudgha
Makhleb
Nemelex Xobeh
Qazlal
Trog
Uskayaw
Xom
Zin
Lugonu

Shops:
D:5 *

Portals:
Abyss: D:9


Message History

You hear a roar!
An acid dragon comes into view.
The acid dragon spits acid at you.
You block the splash of acid... and reflect it back!
The splash of acid hits the acid dragon!
Unknown command.
The acid dragon attacks as it pursues you!
You block the acid dragon's attack. The acid dragon closely misses you.
The acid dragon bites you but does no damage.
The acid dragon claws you but does no damage.
The acid dragon spits acid at you. The splash of acid hits you!
The acid corrodes you!
Found a scroll of identify.
The acid dragon spits acid at you. The splash of acid hits you!!
* * * LOW HITPOINT WARNING * * *
Found a scroll of teleportation.
You feel better. The acid dragon spits acid at you.
The splash of acid hits you!!
* * * LOW HITPOINT WARNING * * *
Blink to where?
Press: ? - help, Dir - move target
As you read the scroll of blinking, it crumbles to dust.
The acid dragon spits acid at you. The splash of acid misses you.
You climb upwards.
You are no longer corroded.
There is a stone staircase leading down here.
You start resting.
HP restored.
You climb downwards.
Your body is wracked with pain!
The troll convulses!
The acid dragon convulses!
The troll bites you! You block the troll's attack. The troll claws you!
The acid dragon spits acid at you. The splash of acid hits you!!
* * * LOW HITPOINT WARNING * * *
The acid corrodes you!
There is a stone staircase leading up, spattered with blood here.
You block the troll's attack. The troll claws you.
You die...

##########
#####........#
#...#........# #####
#............# #...#
#..........#
#...####..........#
#......#.......○..###
................@...#
................○T..#
....................#
..................###
....................
###........D.........
.....................
.....................
.....................
.......*#...#.?.####
.......##...##.##


You could see a troll and an acid dragon (catching breath).

Vanquished Creatures
  A komodo dragon (Lair:1)
  Prince Ribbit (D:5)
  A hornet (D:9)
  A shadow (D:9)
  A yak (Lair:1)
  A steam dragon (D:9)
  A water moccasin (Lair:1)
  3 orc warriors
  An ice beast (D:5)
  2 sky beasts
  A black bear (D:7)
  An ogre (D:4)
  2 centaurs (D:6)
  2 phantoms
  2 kobold brigands
  7 bullfrogs
  5 scorpions
  3 wights (D:7)
  7 killer bees
  A jelly (D:4)
  3 electric eels
  3 howler monkeys
  2 bombardier beetles (D:4)
  2 hounds (D:4)
  3 orc priests
  5 orc wizards
  2 sleepcaps
  2 iguanas
  4 gnolls (D:3)
  8 adders
  A shadow imp (D:5)
  A white imp (D:7)
  2 ufetubi (D:6)
  5 ribbon worms
  A dart slug (D:4)
  27 orcs
  8 ball pythons
  4 bats
  8 endoplasms
  6 giant cockroaches
  5 hobgoblins
  4 jackals (D:1)
  9 kobolds
  5 quokkas
  6 frilled lizards
  10 goblins
  5 rats
  A lurking horror (D:9)
186 creatures vanquished.

Vanquished Creatures (others)
  An orc wizard (D:5)
  A lurking horror (D:9)
2 creatures vanquished.

Grand Total: 188 creatures vanquished

Notes
Turn   | Place    | Note
-------+----------+-------------------------------------------
     0 | D:1      | AlterAsc the Hill Orc Fighter began the quest for the Orb.
     0 | D:1      | Reached XP level 1. HP: 19/19 MP: 1/1
    39 | D:1      | Reached skill level 3 in Axes
   131 | D:1      | Reached XP level 2. HP: 22/26 MP: 2/2
   144 | D:1      | Reached skill level 4 in Axes
   477 | D:1      | Reached XP level 3. HP: 28/28 MP: 3/3
   961 | D:2      | Reached skill level 5 in Axes
  1049 | D:2      | Found a stormy altar of Qazlal.
  1057 | D:2      | Became a worshipper of Qazlal Stormbringer
  1139 | D:2      | Reached XP level 4. HP: 32/39 MP: 4/4
  1315 | D:2      | Reached skill level 6 in Axes
  1765 | D:3      | Found a burning altar of Makhleb.
  2024 | D:3      | Reached XP level 5. HP: 17/45 MP: 5/5
  2044 | D:3      | Reached skill level 7 in Axes
  2049 | D:3      | Reached * piety under Qazlal
  2568 | D:4      | Reached skill level 8 in Axes
  2568 | D:4      | Reached XP level 6. HP: 42/51 MP: 6/6
  2838 | D:4      | Found a shimmering altar of Xom.
  2881 | D:4      | Reached skill level 9 in Axes
  3040 | D:4      | Reached ** piety under Qazlal
  3041 | D:4      | Reached XP level 7. HP: 37/57 MP: 7/7
  3043 | D:4      | Reached skill level 10 in Axes
  3221 | D:4      | Reached skill level 11 in Axes
  3573 | D:5      | Entered Level 5 of the Dungeon
  3588 | D:5      | Found a bloodstained altar of Trog.
  3638 | D:5      | Reached XP level 8. HP: 50/64 MP: 8/8
  3751 | D:5      | Reached skill level 12 in Axes
  3835 | D:5      | Found Zin's Purification Station.
  3837 | D:5      | Found a glowing silver altar of Zin.
  3950 | D:5      | Noticed Prince Ribbit
  4447 | D:5      | Reached skill level 13 in Axes
  4516 | D:5      | Killed Prince Ribbit
  4864 | D:6      | Reached skill level 14 in Axes
  4962 | D:6      | Found a sparkling altar of Nemelex Xobeh.
  5203 | D:6      | Reached XP level 9. HP: 70/70 MP: 9/9
  5445 | D:7      | Reached skill level 15 in Axes
  5686 | D:7      | Reached *** piety under Qazlal
  5916 | D:7      | Reached skill level 16 in Axes
  5937 | D:7      | HP: 3/71 [poisoned by a killer bee]
  6181 | D:7      | Found a staircase to the Ecumenical Temple.
  6219 | D:7      | Reached skill level 1 in Invocations
  6336 | D:7      | Found a hide-covered altar of Uskayaw.
  6337 | D:7      | Found an ancient bone altar of Kikubaaqudgha.
  6447 | D:7      | Found an opulent altar of Gozag.
  6739 | D:8      | Found a staircase to the Lair.
  7100 | D:8      | Reached skill level 5 in Fighting
  7304 | Lair:1   | Entered Level 1 of the Lair of Beasts
  7328 | Lair:1   | Noticed a komodo dragon
  7338 | Lair:1   | Killed a komodo dragon
  7339 | Lair:1   | Reached skill level 5 in Armour
  7339 | Lair:1   | Reached XP level 10. HP: 72/83 MP: 11/13
  8048 | D:8      | Reached skill level 5 in Invocations
  8441 | D:9      | Found a one-way gate to the infinite horrors of the Abyss.
  8441 | D:9      | Found a corrupted altar of Lugonu.
  8716 | D:9      | HP: 2/84 [acid dragon/splash of acid (24)]
  8717 | D:9      | Slain by a troll

Illustrated notes

Levels and vault maps discovered:
D:1:      tarquinn_simple_flora_water_d, layout_loops_cross, minmay_heptomino_o4
D:2:      layout_basic, basic_altar, feat_on_display
D:3:      layout_basic, mainiacjoe_overflow_surrounded_room
D:4:      minmay_chambers_of_threes, layout_loops_ring,
          mainiacjoe_overflow_six_doors_small
D:5:      layout_basic, trog_three_pillars_becter, zin_purify,
          uniq_prince_ribbit1
D:6:      layout_layer_cave, nemelex_xobeh_ov_fountains_minmay
D:7:      layout_rooms, grunt_gozag_breadcrumbs,
          mainiacjoe_overflow_divided_tiny, temple_statues
D:8:      layout_gridville, lair_entry_dummy, serial_bayou_lagoon_a
D:9:      layout_cross, david_orc_1_choice, serial_shops,
          nicolae_shop_pleasant_corner_grove, amcnicky_altar_lugonu_corruption
Lair:1:   layout_loops_ring, serial_bayou_shore_a

Skill      XL: |  1  2  3  4  5  6  7  8  9 10 |
---------------+-------------------------------+-----
Axes           | 3 4 5 6 8 9 11 14 16 | 16.0
Fighting       | 5 6 |  6.8
Invocations    | 4 6 |  6.0
Armour         | 5 6 |  6.1
Shields        | |  3.2

Action                     |  1- 3 |  4- 6 |  7- 9 | 10-12 || total
---------------------------+-------+-------+-------+-------++-------
  Melee: War axe           |   111 |   193 |   341 |    92 ||   737
  Throw: Dart              |       |       |     4 |       ||     4
 Invoke: Upheaval          |       |       |     3 |     1 ||     4
    Use: Potion            |       |     1 |     1 |     1 ||     3
         Scroll            |       |       |     1 |    11 ||    12
 Armour: Scale mail        |    72 |       |       |       ||    72
         Chain mail        |    11 |   144 |    82 |       ||   237
         Plate armour      |       |       |   158 |    71 ||   229
  Dodge: Dodged            |    58 |    54 |    80 |     9 ||   201
  Block: Buckler           |    27 |    44 |   110 |    48 ||   229
         Reflection        |       |       |       |     1 ||     1
